 Dungeon Crawl Stone Soup version 0.23-a0-180-ga5275e7 (webtiles) character file.

44 Inarius the Skirmisher (level 3, -3/30 HPs)
             Began as a Mummy Fighter on Sept 18, 2018.
             Slain by an adder (4 damage)
             ... on level 2 of the Dungeon.
             The game lasted 00:01:44 (1240 turns).

Inarius the Skirmisher (Mummy Fighter)              Turns: 1240, Time: 00:01:46

Health: -3/30      AC:  9    Str: 20    XL:     3   Next: 39%
Magic:  3/3        EV:  5    Int:  7    God:
Gold:   47         SH:  9    Dex: 11    Spells: 2/2 levels left

rFire    x . .     SeeInvis .   a - +0 war axe
rCold    + . .     Gourm    .   c - +0 shield
rNeg     + + +     Faith    .   h - +0 chain mail
rPois    ∞         Spirit   .   (no helmet)
rElec    .         Reflect  .   (no cloak)
rCorr    .         Harm     .   (no gloves)
MR       .....                  (no boots)
Stlth    ..........             (no amulet)
HPRegen  0.10/turn              (no ring)
MPRegen  0.08/turn              (no ring)

@: no status effects
A: no food or potions, fire vulnerability, cold resistance 1, negative energy
resistance 3, torment resistance, unbreathing
a: no special abilities


You were on level 2 of the Dungeon.
You were not hungry.

You visited 1 branch of the dungeon, and saw 2 of its levels.

You collected 47 gold pieces.

Inventory:

Hand Weapons
 a - a +0 war axe (weapon)
Missiles
 b - a throwing net (quivered)
Armour
 c - a +0 shield (worn)
 h - a +0 chain mail (worn)
Scrolls
 d - a scroll of enchant armour {unknown}
 e - 2 scrolls of identify
 f - a scroll of fog {unknown}
 g - 2 scrolls of remove curse


   Skills:
 * Level 3.8 Fighting
 - Level 1.5 Axes
 + Level 2.7 Armour
 + Level 2.8 Shields


You had 2 spell levels left.
You didn't know any spells.
Your spell library was empty.

Dungeon Overview and Level Annotations

Branches:
Dungeon (2/15)

Altars:


Innate Abilities, Weirdness & Mutations

You do not eat or drink.
Your flesh is vulnerable to fire.
You are immune to poison.
Your flesh is cold resistant. (rC+)
You are immune to negative energy. (rN+++)
You are immune to unholy pain and torment.
You can survive without breathing.


Message History

The adder is moderately wounded.
The adder bites you but does no damage. x2
You hit the adder.
The adder is severely wounded.
The adder barely misses you.
You closely miss the adder.
The adder is severely wounded.
You block the adder's attack. The adder bites you but does no damage.
Your shield and chain mail prevent you from hitting the adder.
The adder is severely wounded.
You block the adder's attack. The adder bites you but does no damage.
Your chain mail prevents you from hitting the adder.
The adder is severely wounded.
The adder bites you.
* * * LOW HITPOINT WARNING * * *
The adder closely misses you.
You closely miss the adder.
The adder is severely wounded.
The adder bites you.
You die...

# .. .. #.. ##. .# ..#
..##.. .# ..#
#.##.##.##..# ###
#.##........## ..#
########.............
..###!.............>....#
......##........@S......#
.=..............)........
.........................
............).......#....
........).........>......
.........##.......#.##...
......###........##.# ..
.###### #.#.....## ..
#### ###.......##


You could see an adder.

Vanquished Creatures
  2 dart slugs
  2 leopard geckos
  2 bats (D:1)
  2 giant cockroaches (D:1)
  4 goblins
  4 hobgoblins
  4 jackals (D:1)
  6 kobolds
  A quokka (D:2)
  2 frilled lizards
  5 rats (D:1)
34 creatures vanquished.

Notes
Turn   | Place    | Note
-------+----------+-------------------------------------------
     0 | D:1      | Inarius the Mummy Fighter began the quest for the Orb.
     0 | D:1      | Reached XP level 1. HP: 18/18 MP: 1/1
   181 | D:1      | Reached XP level 2. HP: 20/24 MP: 2/2
   900 | D:1      | Reached XP level 3. HP: 30/30 MP: 3/3
  1239 | D:2      | HP: 1/30 [adder (3)]
  1240 | D:2      | Slain by an adder

Vault maps used:
D:1:      minmay_arrival_split_and_join

Action                   || total
-------------------------++-------
Melee: War axe           ||   120
  Use: Scroll            ||     1
Armor: Scale mail        ||    43
       Chain mail        ||    24
Dodge: Dodged            ||    46
Block: Shield            ||    87

Table legend:
 A = Non-vault XP
 B = Vault XP
 C = Vault XP percentage of total XP
 D = Non-vault monster count
 E = Vault monster count
 F = Vault count percentage of total count
                 A         B        C        D         E       F
            +---------+---------+-------+---------+---------+-------
      Total |      63 |       0 |   0.0 |      34 |       0 |   0.0
            +---------+---------+-------+---------+---------+-------
        D:1 |      42 |       0 |   0.0 |      24 |       0 |   0.0
        D:2 |      21 |       0 |   0.0 |      10 |       0 |   0.0
            +---------+---------+-------+---------+---------+-------
